 Dungeon Sprint DCSS version 0.19.5 (webtiles) character file.

2298 Mesmaeker13 the Unseen (level 9, -7/77 HPs)
             Began as a Vampire Assassin on Apr 4, 2017.
             Was a Follower of Dithmenos.
             Mangled by a demonic crawler (8 damage)
             ... in the Dungeon (Sprint I: "Red Sonja").
             The game lasted 00:05:53 (675 turns).

Mesmaeker13 the Unseen (Vampire Assassin)            Turns: 675, Time: 00:05:54

Health: -7/77      AC:  3    Str: 10    XL:     9   Next: 17%
Magic:  9/9        EV: 29    Int: 14    God:    Dithmenos [*.....]
Gold:   222        SH:  0    Dex: 23    Spells: 0 memorised, 8 levels left

rFire  . . .     SeeInvis +     a - +5 dagger
rCold  . . .     Gourm    .     c - +0 robe
rNeg   + . .     Faith    .     (no shield)
rPois  .         Spirit   .     (no helmet)
rElec  .         Reflect  .     d - +0 cloak
rCorr  .         Harm     .     (no gloves)
MR     .....     NoTele   +     (no boots)
Stlth  +++++++++.               (no amulet)
                                (no ring)
                                (no ring)

@: agile, wreathed by umbra
A: fangs 3, see invisible, unbreathing
a: Bat Form, Renounce Religion


You were in the Dungeon.
You worshipped Dithmenos.
Dithmenos was aware of your devotion.
You were not thirsty.

You visited 1 branch You collected 621 gold pieces.
You spent 399 gold pieces at shops.

Inventory:

Hand Weapons
 a - a +5 dagger (weapon)
 b - a +0 blowgun
Missiles
 e - 8 poisoned needles
 f - 6 curare-tipped needles
Armour
 c - a +0 robe (worn)
 d - a +0 cloak (worn)
Wands
 o - a wand of polymorph (4/24)
 p - a wand of lightning (6/15)
Scrolls
 m - a scroll of blinking
 q - a scroll of identify
Potions
 g - 2 potions of blood
 h - 2 potions of curing
 j - a potion of haste
 k - 2 potions of magic
 l - a potion of berserk rage
 r - a potion of might {unknown}


   Skills:
 + Level 9.4 Fighting
 - Level 10.5 Short Blades
 - Level 1.5 Throwing
 + Level 12.1 Dodging
 + Level 17.0 Stealth


You had 8 spell levels left.
You didn't know any spells.

Dungeon Overview and Level Annotations

Branches:
Dungeon (1/1)

Altars:
Cheibriados
Dithmenos
Elyvilon
Fedhas
Gozag
Hepliaklqana
Kikubaaqudgha
Makhleb
Nemelex Xobeh
Okawaru
Qazlal
Ru
Sif Muna
Trog
Uskayaw
Vehumet
Xom
Yredelemnul
Zin
The Shining One
Jiyva
Lugonu

Shops:
D ?[


Innate Abilities, Weirdness & Mutations

You have razor-sharp teeth.
You have supernaturally acute eyesight. (SInv)
You can survive without breathing.


Message History

You hit the demonic crawler.
The demonic crawler is heavily wounded.
The demonic crawler misses you. The demonic crawler hits you!
* * * LOW HITPOINT WARNING * * *
The demonic crawler completely misses you.
You hit the demonic crawler but do no damage.
The demonic crawler is heavily wounded.
The demonic crawler hits you!
* * * LOW HITPOINT WARNING * * *
The demonic crawler misses you. The demonic crawler closely misses you.
You hit the demonic crawler but do no damage.
The demonic crawler is heavily wounded.
You hit the demonic crawler.
The demonic crawler is heavily wounded.
The demonic crawler closely misses you. The demonic crawler misses you.
The demonic crawler completely misses you.
You hit the demonic crawler.
The demonic crawler is heavily wounded.
The demonic crawler hits you!
You die...

#####'#####s#__####)..s..#
####..#...#.####§$#####s.+
#__####..##s#§§§.c +##
#_____##'#.§'§§§§
#_.∩?..'..._#≈§≈.c#
#_..__##_.#'##+####
#_____###'#(#[...###
#########.####s###.##
.......'...'..ss@')∩#
++++####.).##########
##.## #+#


You could see 3 demonic crawlers.

Vanquished Creatures
  Sonja (D)
  A deep troll (D)
  2 kobold demonologists (D)
  A slime creature (D)
  Sigmund (D)
  A yak (D)
  A floating eye (D)
  An ogre (D)
  A jelly (D)
  Ijyb (D)
11 creatures vanquished.

Notes
Turn   | Place    | Note
-------+----------+-------------------------------------------
     0 | D        | Mesmaeker13 the Vampire Assassin began the quest for the Orb.
     0 | D        | Reached XP level 1. HP: 16/16 MP: 1/1
     1 | D        | Noticed Ijyb
    24 | D        | Killed Ijyb
    24 | D        | Reached skill level 7 in Stealth
    24 | D        | Reached XP level 2. HP: 2/22 MP: 2/2
   299 | D        | Noticed an ogre
   302 | D        | Killed an ogre
   302 | D        | Reached skill level 5 in Dodging
   302 | D        | Reached skill level 10 in Stealth
   302 | D        | Reached XP level 3. HP: 27/27 MP: 3/3
   302 | D        | Reached XP level 4. HP: 33/33 MP: 4/4
   309 | D        | Noticed Sigmund
   312 | D        | Killed Sigmund
   312 | D        | Reached skill level 11 in Stealth
   312 | D        | Reached XP level 5. HP: 42/42 MP: 5/5
   336 | D        | Found a burning altar of Makhleb.
   336 | D        | Found a viscous altar of Jiyva.
   336 | D        | Found a shimmering altar of Xom.
   336 | D        | Found a corrupted altar of Lugonu.
   336 | D        | Noticed a slime creature
   339 | D        | Killed a slime creature
   339 | D        | Reached skill level 5 in Fighting
   339 | D        | Reached skill level 12 in Stealth
   339 | D        | Reached XP level 6. HP: 51/51 MP: 6/6
   341 | D        | Found a deep blue altar of Sif Muna.
   343 | D        | Found a radiant altar of Vehumet.
   347 | D        | Reached skill level 13 in Stealth
   371 | D        | Found Wunanij's Magic Scroll Emporium.
   371 | D        | Found an ancient bone altar of Kikubaaqudgha.
   371 | D        | Found a hazy altar of Hepliaklqana.
   371 | D        | Found a hide-covered altar of Uskayaw.
   371 | D        | Found a basalt altar of Yredelemnul.
   371 | D        | Found an opulent altar of Gozag.
   371 | D        | Found a snail-covered altar of Cheibriados.
   371 | D        | Found a sacrificial altar of Ru.
   371 | D        | Found a shadowy altar of Dithmenos.
   371 | D        | Noticed a yak
   372 | D        | Found a stormy altar of Qazlal.
   372 | D        | Found a blossoming altar of Fedhas.
   372 | D        | Found a bloodstained altar of Trog.
   372 | D        | Found an iron altar of Okawaru.
   372 | D        | Found a glowing golden altar of the Shining One.
   372 | D        | Found a glowing silver altar of Zin.
   372 | D        | Found a white marble altar of Elyvilon.
   373 | D        | Killed a yak
   373 | D        | Reached XP level 7. HP: 58/58 MP: 7/7
   374 | D        | Found a sparkling altar of Nemelex Xobeh.
   403 | D        | Noticed a kobold demonologist
   415 | D        | Noticed a centaur warrior
   420 | D        | Noticed a centaur warrior
   423 | D        | Noticed Sonja
   427 | D        | Killed Sonja
   427 | D        | Reached skill level 10 in Short Blades
   427 | D        | Reached skill level 10 in Dodging
   427 | D        | Reached skill level 14 in Stealth
   427 | D        | Reached XP level 8. HP: 67/67 MP: 8/8
   446 | D        | Bought 3 scrolls of enchant weapon for 315 gold pieces
   458 | D        | Became a worshipper of Dithmenos the Shadowed
   474 | D        | Noticed a deep troll
   478 | D        | Killed a deep troll
   478 | D        | Reached skill level 16 in Stealth
   508 | D        | Bought 2 scrolls of identify for 56 gold pieces
   508 | D        | Bought a scroll of identify for 28 gold pieces
   529 | D        | Found Miclef's Armour Emporium.
   566 | D        | Noticed a kobold demonologist
   568 | D        | Killed a kobold demonologist
   581 | D        | Killed a kobold demonologist
   581 | D        | Reached * piety under Dithmenos
   581 | D        | Reached XP level 9. HP: 70/76 MP: 9/9
   583 | D        | Paralysed by a floating eye for 4 turns
   589 | D        | Reached skill level 17 in Stealth
   609 | D        | Noticed a demonic crawler
   609 | D        | Noticed a demonic crawler
   609 | D        | Noticed a demonic crawler
   609 | D        | Noticed a demonic crawler
   672 | D        | HP: 1/77 [demonic crawler (7)]
   675 | D        | Mangled by a demonic crawler

Skill      XL: |  1  2  3  4  5  6  7  8  9 |
---------------+----------------------------+-----
Short Blades   | 4 6 7 8 9 10 | 10.5
Dodging        | 3 5 7 8 9 10 12 | 12.1
Stealth        | 7 10 11 12 13 14 16 17 | 17.0
Fighting       | 4 5 6 7 9 |  9.4
Throwing       | |  1.5

Action                   |  1- 3 |  4- 6 |  7- 9 || total
-------------------------+-------+-------+-------++-------
Melee: Dagger            |    22 |     4 |    51 ||    77
       Bite              |     1 |       |     6 ||     7
 Abil: End Transformatio |       |       |     1 ||     1
       Bat Form          |       |       |     1 ||     1
Evoke: Wand              |       |       |     4 ||     4
  Use: Scroll            |       |       |     6 ||     6
       Potion            |       |       |     3 ||     3
 Stab: Sleeping          |     2 |     4 |     3 ||     9
Armor: Robe              |     3 |       |     4 ||     7
Dodge: Dodged            |     8 |       |    81 ||    89
